 Dungeon Crawl Stone Soup version 0.31-a0-774-g0d66cbabe8 (webtiles) character file.

Game seed: 432794260792725473

13 cforsyth the Sneak (level 2, -6/25 HPs)
             Began as a Djinni Delver on Sept 17, 2023.
             Mangled by a gnoll
             ... wielding a +0 whip
             ... led by a gnoll bouda
              (8 damage)
             ... on level 5 of the Dungeon.
             The game lasted 00:00:46 (324 turns).

cforsyth the Sneak (Djinni Delver)                   Turns: 324, Time: 00:00:46

Health: -6/25      AC:  3    Str: 11    XL:     2   Next: 50%
Gold:   14         EV: 12    Int: 14    God:
                   SH:  0    Dex: 14

rFire   + + .        h - +0 rapier of Okoevis {flame, rPois Int+3}
rCold   x . .        (no shield)
rNeg    . . .        b - +0 leather armour
rPois   ∞            (no helmet)
rElec   .            (no cloak)
rCorr   .            (no gloves)
SInv    .            (boots unavailable)
Will    .....        (no amulet)
Stlth   ++           (no ring)
HPRegen 0.24/turn    (no ring)
MPRegen 0.00/turn

%: infuse magic (-7 HP)
@: marked, weakened, flying
A: sickness immunity, fire resistance 2, cold vulnerability 1, float, innate
caster, HP casting, extra vitality 1
a: no special abilities


You were on level 5 of the Dungeon.
You visited 1 branch of the dungeon, and saw 1 of its levels.

You collected 14 gold pieces.

Inventory:

Hand Weapons
 a - a +0 falchion
 h - the +0 rapier of Okoevis (weapon) {flame, rPois Int+3}
   (You found it on level 5 of the Dungeon)

   Int+3:     It affects your intelligence (+3).
   rPois:     It protects you from poison
Armour
 b - a +0 leather armour (worn)
Wands
 g - a wand of digging (3)
Scrolls
 c - a scroll of fog
 d - a scroll of revelation
Potions
 f - a potion of haste


   Skills:
 + Level 3.3 Fighting
 - Level 1.7 Long Blades
 - Level 2.1 Dodging
 - Level 4.1 Stealth
 + Level 0.8 Spellcasting
 + Level 0.8 Conjurations
 + Level 0.8 Hexes
   Level 0.0 Charms
 + Level 0.8 Summonings
 + Level 0.8 Necromancy
 + Level 0.8 Translocations
 + Level 0.8 Transmutations
 + Level 0.8 Fire Magic
 + Level 0.8 Ice Magic
 + Level 0.8 Air Magic
 + Level 0.8 Earth Magic
 + Level 0.8 Poison Magic You didn't know any spells. Your spell library was empty.

Dungeon Overview and Level Annotations

Branches:
Dungeon (5/15)
 Temple: D:4-7

Altars:


Innate Abilities, Weirdness & Mutations

You are immune to sickness and miasma.
You are immune to poison.
Your flesh is very heat resistant. (rF++)
You are vulnerable to cold. (rC-)
You float through the air rather than walking.
You learn spells naturally, not from books.
Your magical power is your life essence.
You have superior vitality. (+4 MHP)


Message History

You reach down and close the door.
You start resting.
An orc priest and a gnoll come into view.
You reach down and open the door.
A gnoll comes into view. It is wielding a +0 club.
The gnoll moves out of view.
The gnoll bouda shouts!
The gnoll shouts! x2; The gnoll bouda shouts!
You hear a shout! x2
The gnoll bouda barks out a call to the hunt!
The gnolls pick up the pace!
You hear a shout!
The gnoll shouts!
There is an open door here.
You hear a shout!
The gnoll bouda gazes fiercely through you!
You feel your attacks grow feeble. The gnoll attacks as it pursues you!
The gnoll hits you with a +0 whip!
The gnoll bouda gazes fiercely through you!
You feel as though you will be weak longer.
The gnoll bouda barks out a call to the hunt!
The gnolls pick up the pace!
The gnoll attacks as it pursues you! The gnoll hits you with a +0 club.
The gnoll hits you with a +0 whip.
* * * LOW HITPOINT WARNING * * *
The gnoll bouda gazes fiercely through you!
You feel as though you will be weak longer.
The gnoll bouda calls upon its god to heal the gnoll.
The gnoll is healed somewhat.
You hear a shout!
You hear an angry hiss.
The gnoll hits you with a +0 club.
* * * LOW HITPOINT WARNING * * *
The gnoll attacks as it pursues you! The gnoll closely misses you.
The gnoll pulls the alarm!
The alarm trap emits a blaring wail!
A sentinel's mark forms upon you.
You hear a shout!
The gnoll shouts!
You hear a shout! x3; You hear a bark!
You hear an angry hiss.
You hear a shout! x2; You hear an angry hiss.
The gnoll attacks as it pursues you! The gnoll misses you.
The gnoll attacks as it pursues you! The gnoll hits you with a +0 whip!
You die...

#.....#g.......
########.....#..
#.......g....####
#.......o....#
#.|....g###### #.......#
#.....g.# #......g#
#......@###
##########............#
.<......................
....................g...
..................g.....
......>...#######....g..
..........'.....#.......
#####.....#.....#.....##
#.....#.....##


You could see a gnoll bouda (swift), 6 gnolls and an orc.

Vanquished Creatures
  A gnoll (D:5)
  A worm (D:5)
2 creatures vanquished.

Notes
Turn   | Place    | Note
-------+----------+-------------------------------------------
     0 | D:5      | cforsyth the Djinni Delver began the quest for the Orb.
     0 | D:5      | Reached XP level 1. HP: 20/20 MP: 0/0
    23 | D:5      | Identified the +0 rapier of Okoevis {flame, rPois Int+3}
    48 | D:5      | Reached XP level 2. HP: 21/25 MP: 0/0
   321 | D:5      | HP: 1/25 [gnoll/+0 club[a gnoll bouda] (2)]
   324 | D:5      | Mangled by a gnoll

Illustrated notes

Levels and vault maps discovered:
D:5:      layout_gridville, minmay_temple_entry_offerings, serial_shops, shop,
          nicolae_eternal_life, kennysheep_generic_room_7

Action                     || total
---------------------------++-------
  Melee: Rapier            ||    12
    Use: Scroll            ||     1
 Armour: Leather armour    ||    12
  Dodge: Dodged            ||    11

Table legend: (Time is in decaauts)
 A = Elapsed time spent in this place.
 B = Non-inter-level travel time spent in this place.
 C = Inter-level travel time spent in this place.
 D = Time resting spent in this place.
 E = Time spent auto-exploring this place.
 F = Levels seen in this place.
 G = Mean time per level.
                   A        B        C        D        E       F      G
               +--------+--------+--------+--------+--------+-----+--------+
         Total |    325 |    325 |      0 |    187 |     62 |   1 |  325.0 |
       Dungeon |    325 |    325 |      0 |    187 |     62 |   1 |  325.0 |
               +--------+--------+--------+--------+--------+-----+--------+

Top non-repeatable levels by time:
     D:5: 325 daAuts
